 Dungeon Crawl Stone Soup version 0.25.1-2-g60ff931df9 (webtiles) character file.

Game seed: 14906288492767524238

1148 Erymatos the Cleaver (level 8, 0/70 HPs)
             Began as a Minotaur Berserker on Nov 10, 2020.
             Was a Priest of Trog.
             Succumbed to a water moccasin's poison
             ... on level 5 of the Dungeon.
             The game lasted 00:05:23 (3658 turns).

Erymatos the Cleaver (Minotaur Berserker)           Turns: 3658, Time: 00:05:24

Health: 0/70       AC:  6    Str: 23    XL:     8   Next: 15%
Magic:  7/7        EV: 13    Int:  4    God:    Trog [***...]
Gold:   257        SH:  0    Dex: 11    Spells: 7/7 levels left

rFire    . . .     SeeInvis .   a - +1 hand axe
rCold    . . .     Gourm    .   (no shield)
rNeg     . . .     Faith    .   h - +0 ring mail
rPois    .         Spirit   .   (helmet restricted)
rElec    .         Reflect  .   (no cloak)
rCorr    +         Harm     .   (no gloves)
MR       .....                  (no boots)
Stlth    +.........             (no amulet)
HPRegen  0.21/turn              y - ring of resist corrosion
MPRegen  0.10/turn              (no ring)

@: lethally poisoned (0 -> -3), berserk cooldown, slowed, very slow
A: retaliatory headbutt, horns 2
a: Berserk, Trog's Hand, Renounce Religion


You were on level 5 of the Dungeon.
You worshipped Trog.
Trog was most pleased with you.
You were very hungry.

You visited 1 branch of the dungeon, and saw 5 of its levels.

You collected 257 gold pieces.

Inventory:

Hand Weapons
 a - a +1 hand axe (weapon)
Armour
 h - a +0 ring mail (worn)
Jewellery
 m - an uncursed ring of stealth
 t - an uncursed ring of ice
 v - an uncursed amulet of magic regeneration
 y - a ring of resist corrosion (left hand)
Wands
 f - a wand of polymorph (10)
Scrolls
 d - 2 scrolls of fear {unknown}
 e - 4 scrolls of enchant weapon
 g - a scroll of amnesia {unknown}
 i - 3 scrolls of identify {unknown}
 j - a scroll of enchant armour {unknown}
 k - 2 scrolls of blinking {unknown}
 l - 3 scrolls of magic mapping
 n - 2 scrolls of remove curse
 p - a scroll of teleportation {unknown}
Potions
 o - 2 potions of brilliance {unknown}
 q - 2 potions of curing {unknown}
 r - 2 potions of magic
 s - 2 potions of degeneration {unknown}
 u - a potion of resistance {unknown}
 w - a potion of lignification {unknown}
Comestibles
 c - 10 rations


   Skills:
 + Level 5.9 Fighting
 + Level 8.1 Axes
 + Level 6.1 Armour
 + Level 4.3 Dodging
 + Level 2.1 Stealth


You had 7 spell levels left.
You didn't know any spells.
Your spell library was empty.

Dungeon Overview and Level Annotations

Branches:
Dungeon (5/15)
 Temple: D:4-7

Altars:
Fedhas
Gozag
Xom

Shops:
D:4 %


Innate Abilities, Weirdness & Mutations

You reflexively headbutt those who attack you in melee.
You have a pair of horns on your head.


Message History

You closely miss the gnoll.
The gnoll is severely wounded.
* * * LOW HITPOINT WARNING * * *
You feel sick.
A hound skeleton comes into view.
You are too berserk!
You slash the gnoll!
You kill the gnoll!
Trog accepts your kill.
You feel a strong urge to attack something.
* * * LOW HITPOINT WARNING * * *
You feel sick.
The freed slave barely misses the gnoll.
You are too berserk!
You swap places.
You are no longer berserk.
You are exhausted.
You feel yourself slow down.
It was a potion of magic.
Magic courses through your body.
You die...

Z....#.....
.g...#.....
.g#.......
#p#.......
#####.#.......
#...?.)).!....
....###p..p#...
# #.p....#
#@.....#
#.###......#
#..........#
.....#<.....#
.....#......#
.... ########
###


You could see 3 neutral freed slaves.

Vanquished Creatures
  Pikel (D:5)
  A hippogriff (D:4)
  A water moccasin (D:5)
  An ogre (D:5)
  An orc priest (D:2)
  Natasha (D:3)
  A worker ant (D:4)
  Robin (D:3)
  9 gnolls
  6 adders
  A shadow imp (D:3)
  An ooze (D:2)
  2 worms (D:2)
  2 dart slugs (D:1)
  4 orcs
  3 giant cockroaches (D:1)
  18 hobgoblins
  6 jackals
  2 quokkas
  A ball python (D:4)
  7 bats
  5 frilled lizards
  12 goblins
  4 kobolds
  9 rats
100 creatures vanquished.

Vanquished Creatures (others)
  A giant cockroach (D:5)
1 creature vanquished.

Grand Total: 101 creatures vanquished

Notes
Turn   | Place    | Note
-------+----------+-------------------------------------------
     0 | D:1      | Erymatos the Minotaur Berserker began the quest for the
                  | Orb.
     0 | D:1      | Reached XP level 1. HP: 19/19 MP: 0/0
   188 | D:1      | Reached skill level 4 in Axes
   188 | D:1      | Reached XP level 2. HP: 27/27 MP: 1/1
   511 | D:1      | Reached ** piety under Trog
   670 | D:1      | Reached XP level 3. HP: 33/33 MP: 2/2
  1064 | D:2      | Reached XP level 4. HP: 38/41 MP: 3/3
  1214 | D:2      | Found an opulent altar of Gozag.
  1473 | D:2      | Found a shimmering altar of Xom.
  1474 | D:2      | Found a shimmering altar of Xom.
  1474 | D:2      | Found a shimmering altar of Xom.
  1474 | D:2      | Found a shimmering altar of Xom.
  1474 | D:2      | Found a shimmering altar of Xom.
  1515 | D:2      | Reached skill level 5 in Axes
  1522 | D:2      | Reached XP level 5. HP: 47/47 MP: 4/4
  1932 | D:3      | Noticed Robin
  1951 | D:3      | Killed Robin
  2205 | D:3      | Reached *** piety under Trog
  2566 | D:3      | Noticed Natasha
  2572 | D:3      | Killed Natasha
  2666 | D:3      | Found a blossoming altar of Fedhas.
  2818 | D:4      | Reached XP level 6. HP: 55/55 MP: 5/5
  2973 | D:4      | Noticed a hippogriff
  2983 | D:4      | Killed a hippogriff
  2983 | D:4      | Reached skill level 5 in Fighting
  2983 | D:4      | Reached skill level 6 in Axes
  2983 | D:4      | Reached skill level 1 in Stealth
  2984 | D:4      | Found Caypauw's Food Boutique.
  3633 | D:5      | Entered Level 5 of the Dungeon
  3635 | D:5      | Noticed a slave
  3636 | D:5      | Noticed Pikel
  3637 | D:5      | Noticed a slave
  3638 | D:5      | Noticed a slave
  3638 | D:5      | Noticed a water moccasin
  3639 | D:5      | Noticed a slave
  3646 | D:5      | Reached XP level 7. HP: 6/61 MP: 6/6
  3648 | D:5      | Killed Pikel
  3648 | D:5      | Reached skill level 7 in Axes
  3648 | D:5      | Reached skill level 5 in Armour
  3648 | D:5      | Reached XP level 8. HP: 5/70 MP: 7/7
  3650 | D:5      | HP: 3/105 [water moccasin (3)]
  3651 | D:5      | Reached skill level 8 in Axes
  3653 | D:5      | HP: 1/105 [poisoned by a water moccasin]
  3658 | D:5      | Succumbed to a water moccasin's poison

Illustrated notes

Levels and vault maps discovered:
D:1:      matt_arrival_grand_opening, layout_basic
D:2:      layout_rooms, xom_redecorated, grunt_gozag_breadcrumbs
D:3:      layout_loops_corners, first_ration, fedhas_altar_4, uniq_natasha,
          uniq_robin
D:4:      layout_loops_ring, serial_shops, shop_statue, minivault_4
D:5:      kennysheep_windowed_halls, layout_rooms, serial_shops,
          nicolae_shop_behind_doors, uniq_pikel

Skill      XL: |  1  2  3  4  5  6  7  8 |
---------------+-------------------------+-----
Axes           | 4 5 6 7 8 |  8.1
Fighting       | 4 5 |  5.9
Dodging        | 3 4 |  4.3
Armour         | 3 4 5 6 |  6.1
Stealth        | 1 2 |  2.1

Action                   |  1- 3 |  4- 6 |  7- 9 || total
-------------------------+-------+-------+-------++-------
Melee: Hand axe          |    73 |   135 |     7 ||   215
       Headbutt          |    16 |    14 |     1 ||    31
Invok: Berserk           |       |     4 |       ||     4
  Use: Scroll            |       |     3 |       ||     3
       Potion            |       |       |     1 ||     1
 Stab: Sleeping          |       |     2 |       ||     2
  Eat: Chunk             |       |    11 |       ||    11
Armor: Animal skin       |     8 |       |       ||     8
       Ring mail         |     7 |    61 |     4 ||    72
Dodge: Dodged            |    51 |    96 |     3 ||   150
